 Dungeon Crawl Stone Soup version 0.31-a0-219-g8d62b2e7bb (webtiles) character file.

Game seed: 6450967347869067564

98 qw the Chopper (level 4, -2/28 HPs)
             Began as a Gargoyle Fighter on July 3, 2023.
             Slain by a gnoll
             ... wielding a +0 spear
              (3 damage)
             ... on level 4 of the Dungeon.
             The game lasted 00:00:51 (1676 turns).

qw the Chopper (Gargoyle Fighter)                   Turns: 1676, Time: 00:00:51

Health: -2/28      AC: 10    Str: 22    XL:     4   Next: 71%
Magic:  4/4        EV:  6    Int:  8    God:
Gold:   35         SH:  4    Dex:  9    Spells: 3/3 levels left

rFire   . . .        Y - +0 war axe
rCold   . . .        c - +0 buckler
rNeg    + . .        b - +0 scale mail
rPois   inf          (no helmet)
rElec   +            (no cloak)
rCorr   .            (no gloves)
SInv    .            (no boots)
Will    .....        (no amulet) Stlth
                     (no ring)
HPRegen 0.24/turn    (no ring)
MPRegen 0.09/turn

%: no passive effects
@: constricted
A: sickness immunity, AC +3, negative energy resistance 1, electricity
resistance, torment resistance 1, petrification resistance
a: no special abilities


You were on level 4 of the Dungeon.
You visited 1 branch of the dungeon, and saw 3 of its levels.

You collected 35 gold pieces.


Innate Abilities, Weirdness & Mutations

You are immune to sickness and miasma.
Your stone body is resilient. (AC +3)
You are immune to poison.
You resist negative energy. (rN+)
You are resistant to electric shocks. (rElec)
You are resistant to unholy torment.
You are immune to petrification.


   Skills:
 - Level 3.2 Fighting
 + Level 4.3 Axes
 - Level 3.2 Armour
 - Level 3.2 Shields


You had 3 spell levels left.
You didn't know any spells.
Your spell library was empty.

Inventory:

Hand Weapons
 e - a +0 club
 Y - a +0 war axe (weapon)
Armour
 b - a +0 scale mail (worn)
 c - a +0 buckler (worn)
Scrolls
 a - a scroll of noise {unknown}
Potions
 d - a potion of might

Dungeon Overview and Level Annotations

Branches:
Dungeon (2/15)

Altars:

Shops:
D:1 [


Message History

The gnoll hits you with a +0 flail. You block the gnoll's attack.
The gnoll hits you from afar with a +0 spear.
You hit the gnoll.
You kill the gnoll!
The gnoll hits you from afar with a +0 spear.
You block the gnoll's attack. You block the gnoll's attack.
The gnoll barely misses you.
You slash the gnoll!
You kill the gnoll!
You barely miss the ball python. You barely miss the gnoll.
The ball python bites you but does no damage.
The ball python grabs you. The ball python constricts you.
The gnoll hits you with a +0 spear. The ball python barely misses you.
The ball python constricts you. The gnoll hits you with a +0 spear.
You barely miss the ball python. You hit the gnoll but do no damage.
The ball python barely misses you. The ball python constricts you.
The gnoll hits you but does no damage.
You barely miss the ball python. You barely miss the gnoll.
The ball python closely misses you. The ball python constricts you.
The gnoll closely misses you.
The ball python bites you but does no damage.
The ball python constricts you.
You barely miss the ball python. You slash the gnoll!
The gnoll hits you with a +0 spear.
The ball python bites you but does no damage.
The ball python constricts you. The gnoll barely misses you.
You closely miss the ball python. You barely miss the gnoll.
The ball python bites you but does no damage.
The ball python constricts you. You block the ball python's attack.
The ball python constricts you. The gnoll barely misses you.
You barely miss the ball python. You closely miss the gnoll.
The ball python barely misses you. The ball python constricts you.
The gnoll hits you with a +0 spear. The ball python barely misses you.
The ball python constricts you.
You closely miss the ball python. You hit the gnoll.
An orc comes into view. It is wielding a +1 heavy flail.
You block the gnoll's attack.
The ball python bites you but does no damage.
The ball python constricts you. The gnoll hits you with a +0 spear.
You die...

#..#.........
#..#........
#..#.......
##..#.....#
+...#.....+
#...'.....#
.#####.)...#
..(....).)###
........@)#
.......Sg)+
..........#
#####......
#.......
#........
#o........
#..........


You could see a gnoll, an orc (wandering) and a ball python.

Vanquished Creatures
  An adder (D:2)
  3 gnolls (D:4)
  A worm (D:2)
  2 dart slugs
  6 endoplasms (D:2)
  3 giant cockroaches
  2 goblins (D:1)
  3 hobgoblins
  3 jackals (D:2)
  3 quokkas
  5 ball pythons
  6 bats
  A frilled lizard (D:2)
  8 kobolds
  6 rats
53 creatures vanquished.

Notes
Turn   | Place    | Note
-------+----------+-------------------------------------------
     0 | D:1      | qw the Gargoyle Fighter began the quest for the Orb.
     0 | D:1      | Reached XP level 1. HP: 14/14 MP: 1/1
     0 | D:1      | 0 ||| qw: Version: 0.3-a-40-ge99b1a8
     0 | D:1      | 0 ||| qw: Game counter: 370
     0 | D:1      | 0 ||| qw: Melee chars always use a shield: true
     0 | D:1      | 0 ||| qw: God list: Okawaru
     0 | D:1      | 0 ||| qw: Allow faded altars: false
     0 | D:1      | 0 ||| qw: Do Orc after clearing Dungeon:15 true
     0 | D:1      | 0 ||| qw: Do second Lair branch before Depths: true
     0 | D:1      | 0 ||| qw: Lair rune preference: random
     0 | D:1      | 0 ||| qw: Goals: Normal, Zot:1-4, Slime:5, God:TSO, Crypt,
                  | Tomb, Abyss, Pan, Hells, Win
     0 | D:1      | 0 ||| PLANNING D:1-11
    26 | D:1      | 26 ||| Stepping ~*~*~tactically~*~*~ (hiding).
    36 | D:1      | Reached skill level 2 in Axes
    40 | D:1      | 40 ||| Stepping ~*~*~tactically~*~*~ (water).
    91 | D:1      | Reached XP level 2. HP: 16/19 MP: 2/2
   192 | D:1      | 192 ||| Stepping ~*~*~tactically~*~*~ (hiding).
   194 | D:1      | 194 ||| Stepping ~*~*~tactically~*~*~ (hiding).
   477 | D:1      | Found a faded altar of an unknown god.
   529 | D:1      | Found Maciduixe's Antique Armour Shoppe.
   538 | D:1      | 538 ||| SHOPLISTING glowing plate armour (728 gold, have
                  | 35).
   538 | D:1      | 538 ||| SHOPLISTING runed ring mail (196 gold, have 35).
   538 | D:1      | 538 ||| SHOPLISTING shiny buckler (210 gold, have 35).
   538 | D:1      | 538 ||| SHOPLISTING smoking plate armour (784 gold, have
                  | 35).
   957 | D:1      | Reached skill level 3 in Axes
  1111 | D:1      | 1111 ||| READING scroll labelled UMOBOT BUIWK.
  1156 | D:2      | Reached XP level 3. HP: 23/23 MP: 3/3
  1193 | D:2      | 1193 ||| Stepping ~*~*~tactically~*~*~ (hiding).
  1195 | D:2      | 1195 ||| Stepping ~*~*~tactically~*~*~ (hiding).
  1196 | D:2      | 1196 ||| Stepping ~*~*~tactically~*~*~ (hiding).
  1461 | D:2      | Reached XP level 4. HP: 28/28 MP: 4/4
  1485 | D:2      | 1485 ||| Stepping ~*~*~tactically~*~*~ (hiding).
  1650 | D:2      | You fall into a shaft and drop 2 floors!
  1666 | D:4      | Reached skill level 4 in Axes
  1670 | D:4      | HP: 6/28 [gnoll/+0 spear (4)]
  1675 | D:4      | HP: 1/28 [gnoll/+0 spear (5)]
  1676 | D:4      | Slain by a gnoll

Levels and vault maps discovered:
D:1:      lightli_arrival_isolated_outpost, layout_basic,
          shapermc_ecumenical_altar_flowoftime, serial_shops, shop
D:2:      layout_basic, grunt_ministairs_8
D:4:      minmay_evil_eye, layout_gridville, minmay_surrounded

Skill      XL: |  1  2  3  4 |
---------------+-------------+-----
Axes           | 2 3 4 |  4.3
Fighting       | |  3.2
Armour         | |  3.2
Shields        | |  3.2

Action                     |  1- 3 |  4- 6 || total
---------------------------+-------+-------++-------
  Melee: War axe           |   121 |    28 ||   149
    Use: Scroll            |     1 |       ||     1
 Armour: Scale mail        |    53 |    15 ||    68
  Dodge: Dodged            |    59 |    18 ||    77
  Block: Buckler           |    33 |    11 ||    44

Table legend:
 A = Non-vault XP
 B = Vault XP
 C = Vault XP percentage of total XP
 D = Non-vault monster count
 E = Vault monster count
 F = Vault count percentage of total count
                 A         B        C        D         E       F
            +---------+---------+-------+---------+---------+-------
      Total |     134 |       7 |   5.0 |      51 |       2 |   3.8
            +---------+---------+-------+---------+---------+-------
        D:1 |      30 |       0 |   0.0 |      20 |       0 |   0.0
        D:2 |      56 |       7 |  11.1 |      25 |       2 |   7.4
        D:4 |      48 |       0 |   0.0 |       6 |       0 |   0.0
            +---------+---------+-------+---------+---------+-------
